 Dungeon Crawl Stone Soup version 0.29.0-11-gd7f09526c8 (webtiles) character file.

Game seed: 11141812630468275998

88928 MisterFreud the Warrior (level 15, -6/112 HPs)
             Began as a Gargoyle Fighter on Sept 5, 2022.
             Was the Champion of Okawaru.
             Mangled by a naga warrior
             ... wielding a +0 vorpal trident
              (40 damage)
             ... on level 1 of the Snake Pit.
             The game lasted 00:36:36 (26769 turns).

MisterFreud the Warrior (Gargoyle Fighter)         Turns: 26769, Time: 00:36:36

Health: -6/112     AC: 37    Str: 26    XL:     15   Next: 95%
Magic:  24/24      EV:  4    Int: 15    God:    Okawaru [******]
Gold:   1040       SH: 10    Dex: 16    Spells: 14/14 levels left

rFire   . . .      SeeInvis +   Z - +5 eveningstar "Pynaesab" {vamp, rF+ Int+3}
rCold   . . .      Faith    .   N - +1 kite shield {rPois}
rNeg    + . .      Spirit   .   x - +6 chain mail of Summertime {rCorr}
rPois   ∞          Reflect  .   X - +0 helmet of the Blessed Realm {Dex+3}
rElec   +          Harm     +   L - +1 cloak
rCorr   +          Rampage  .   z - +0 pair of gloves of Reason {rElec rF- Will+ Int+2 Dex+4}
Will    +++..                   r - +2 pair of boots "Gaoheqai" {Harm rElec Will+}
Stlth   ..........              b - amulet of the acrobat
HPRegen 0.28/turn               y - ring of see invisible
MPRegen 0.19/turn               n - +4 ring of slaying

@: flying, constricted
A: sickness immunity, AC +11, big wings, negative energy resistance 1,
electricity resistance, torment resistance 1, petrification resistance
a: Renounce Religion, Heroism, Finesse, Duel


You were on level 1 of the Snake Pit.
You worshipped Okawaru.
Okawaru was exalted by your worship.
You visited 3 branches of the dungeon, and saw 21 of its levels.
You also visited: Ice Cave.

You collected 2188 gold pieces.
You spent 1148 gold pieces at shops.

Inventory:

Hand Weapons
 f - a -2 demon whip of venom
 t - the +4 hand crossbow of Pragmatism {elec, Stlth+}
   (Okawaru gifted it to you on level 10 of the Dungeon)

   Any ammunition fired from it occasionally discharges a powerful burst of
   electricity upon striking a foe.
   Stlth:     It makes you more stealthy.
 Z - the +5 eveningstar "Pynaesab" (weapon) {vamp, rF+ Int+3}
   (You found it on level 3 of the Lair of Beasts)

   It occasionally heals its wielder for a portion of the damage dealt when it
   wounds a living foe.
   Int:       It affects your intelligence (+3).
   rF:        It protects you from fire.
Missiles
 o - a throwing net
 q - 6 javelins
 E - 35 poisoned darts (quivered)
 F - 19 boomerangs
Armour
 r - the +2 pair of boots "Gaoheqai" (worn) {Harm rElec Will+}
   (Okawaru gifted it to you on level 15 of the Dungeon)

   rElec:     It insulates you from electricity.
   Harm:      It increases damage dealt and taken.
   Will:      It increases your willpower.
 x - the +6 chain mail of Summertime (worn) {rCorr}
   (You found it on level 4 of the Dungeon)

   rCorr:     It protects you from acid and corrosion.
 z - the +0 pair of gloves of Reason (worn) {rElec rF- Will+ Int+2 Dex+4}
   (Okawaru gifted it to you on level 1 of the Lair of Beasts)

   Int:       It affects your intelligence (+2).
   Dex:       It affects your dexterity (+4).
   rF:        It makes you vulnerable to fire.
   rElec:     It insulates you from electricity.
   Will:      It increases your willpower.
 L - a +1 cloak (worn)
 N - a +1 kite shield of poison resistance (worn)
 X - the +0 helmet of the Blessed Realm (worn) {Dex+3}
   (You found it on level 12 of the Dungeon)

   Dex:       It affects your dexterity (+3).
Jewellery
 b - an amulet of the acrobat (around neck)
 n - a +4 ring of slaying (right hand)
 y - a ring of see invisible (left hand)
 J - a ring of magical power
 K - a +4 ring of evasion
 P - an amulet of guardian spirit
 S - an amulet of faith
 U - a ring of flight
Wands
 d - a wand of iceblast (13)
 k - a wand of paralysis (4)
 s - a wand of mindburst (5)
 u - a wand of light (26)
 G - a wand of polymorph (20)
Scrolls
 h - 5 scrolls of fear
 l - a scroll of blinking
 v - a scroll of immolation
 w - a scroll of enchant armour
 B - 11 scrolls of vulnerability
 H - a scroll of brand weapon
 Q - 2 scrolls of amnesia
 T - 7 scrolls of identify
 V - 3 scrolls of magic mapping
 W - 4 scrolls of teleportation
 Y - 4 scrolls of enchant weapon
Potions
 a - a potion of invisibility
 c - 2 potions of heal wounds
 e - 4 potions of attraction
 g - 5 potions of lignification
 i - 4 potions of magic
 j - a potion of berserk rage {unknown}
 m - 5 potions of brilliance
 p - 8 potions of mutation
 C - 7 potions of might
 D - 3 potions of cancellation
 I - a potion of resistance
 M - 3 potions of ambrosia
 O - 12 potions of curing
 R - a potion of haste


   Skills:
 - Level 20.0 Fighting
 - Level 18.0 Maces & Flails
 - Level 10.0 Armour
 - Level 4.0 Shields
 - Level 12.0 Invocations
 + Level 9.8 Evocations


You had 14 spell levels left.
You didn't know any spells.
Your spell library contained the following spells:

 Spells                   Type           Power      Damage    Failure   Level
 Apportation              Tloc           0%         N/A       98%         1
 Magic Dart               Conj           0%         1d3       98%         1
 Blink                    Tloc           0%         N/A       99%         2
 Searing Ray              Conj           0%         2d4       99%         2
 Static Discharge         Conj/Air       0%         3-3/arc   99%         2
 Gell's Gravitas          Tloc           0%         N/A       100%        3
 Lesser Beckoning         Tloc           0%         N/A       100%        3
 Teleport Other           Tloc           0%         N/A       100%        3
 Dispel Undead            Necr           0%         3d6       100%        4
 Fulminant Prism          Conj/Hex       0%         3d6       100%        4
 Passage of Golubria      Tloc           0%         N/A       100%        4
 Sticky Flame             Conj/Fire      0%         2d3       100%        4
 Alistair's Intoxication  Tmut/Pois      0%         N/A       100%        5
 Blade Hands              Tmut           0%         N/A       100%        5
 Borgnjor's Vile Clutch   Necr/Erth      0%         N/A       100%        5
 Manifold Assault         Tloc           0%         N/A       100%        5
 Yara's Violent Unravell  Hex/Tmut       0%         3d3       100%        5
 Iron Shot                Conj/Erth      0%         9d1       100%        6
 Tukima's Dance           Hex            Unusable   N/A       N/A         3
 Animate Armour           Summ/Erth      Unusable   N/A       N/A         4
 Animate Dead             Necr           Unusable   N/A       N/A         4
 Death Channel            Necr           Unusable   N/A       N/A         6

Dungeon Overview and Level Annotations

Branches:
Dungeon (15/15)            Temple (0/1) D:7            Lair (5/5) D:8
 Shoals (0/4) Lair:3        Snake (1/4) Lair:3        Slime (0/5) Lair:4
    Orc (0/2) D:9          Vaults (0/5) D:14         Depths (0/4) D:15
  IceCv (visited)

Altars:
Ashenzari
Cheibriados
Dithmenos
Fedhas
Kikubaaqudgha
Makhleb
Nemelex Xobeh
Okawaru
Qazlal
Ru
Uskayaw
Wu Jian
Xom
The Shining One

Shops:
D:1 !   D:2 !   D:6 (   D:7 :   D:9 (   D:10 (

Portals:
Hell: Lair:5

Annotations:
D:2 Natasha


Innate Abilities, Weirdness & Mutations

You are immune to sickness and miasma.
Your stone body is resilient. (AC +11)
You are immune to poison.
Your large and strong wings let you fly.
You resist negative energy. (rN+)
You are resistant to electric shocks. (rElec)
You are resistant to unholy torment.
You are immune to petrification.


Message History

You escape the naga's grasp.
The naga warrior closely misses you. The naga warrior grabs you.
The naga warrior constricts you. The naga warrior spits poison at you.
The splash of poison hits you but does no damage.
You resist.
You sock the naga warrior!
The naga warrior is moderately wounded.
The naga hits you with a +0 short sword!
The naga warrior hits you with a +0 vorpal trident!!
The naga warrior constricts you.
The naga warrior hits you with a +0 war axe!!
You impale the naga warrior!!
The naga warrior is severely wounded.
You block the naga's attack. The naga warrior completely misses you.
The naga warrior constricts you.
The naga warrior hits you with a +0 war axe.
You completely miss the naga warrior.
The naga warrior is severely wounded.
The naga spits poison at you.
The splash of poison hits you but does no damage.
You resist. You block the naga warrior's attack.
The naga warrior constricts you.
You barely miss the naga warrior.
The naga warrior is severely wounded.
The naga warrior hits you but does no damage.
A black mamba comes into view.
The naga hits you but does no damage.
The black mamba hisses angrily.
You puncture the naga warrior!
The naga warrior is almost dead.
The naga warrior spits poison at you.
The splash of poison hits you but does no damage.
You resist. The naga warrior constricts you.
The naga warrior hits you with a +0 war axe.
* * * LOW HITPOINT WARNING * * *
You closely miss the naga warrior.
The naga warrior is almost dead.
You block the naga's attack.
The naga warrior hits you with a +0 vorpal trident!!
You die...

## #.....#..#
##..## .#
#..##..##.#
##.## .. ..#
#...#.## ##..#
.. ##.....#
##.##...# .. .#
#..#...###.##
##.# ..
...#..#....#.##
# ..
#....#.....# ..
#.N).†##.# ..
#..@N###.# ..
#..N## #.# ..
#...# #.. .
.....# ...
.S..... ###.
........# .
.....#..#
...###..#


You could see 2 naga warriors, a black mamba and a naga (strong, catching
breath).

Vanquished Creatures
  Rupert (Lair:5)
  Nessos (Lair:4)
  Azrael (D:14)
  Josephine (Lair:3)
  A yaktaur captain (D:14)
  3 boulder beetles
  A boulder beetle (shapeshifter) (D:15)
  A catoblepas (D:13)
  9 hydras
  5 centaur warriors
  An anaconda (Snake:1)
  An ogre mage (D:14)
  6 two-headed ogres
  A death yak (Lair:3)
  2 naga warriors (Snake:1)
  7 tengu warriors
  A shock serpent (Snake:1)
  A sixfirhy (Lair:5)
  A skeletal warrior (D:12)
  Amaemon (D:9)
  A glowing orange brain (D:15)
  2 wizards
  3 deep elf pyromancers
  2 oklob plants
  An orc knight (D:15)
  Pikel (D:8)
  2 salamanders (Snake:1)
  2 manticores (D:14)
  21 elephants
  5 cyclopes
  12 ugly things
  7 black mambas
  Maurice (D:9)
  3 orange demons
  A guardian serpent (Snake:1)
  A naga mage (Snake:1)
  2 torpor snails (Lair:3)
  Maggie (D:8)
  A gargoyle (D:12)
  A smoke demon (Lair:5)
  14 cane toads
  An unseen horror (shapeshifter) (D:15)
  7 rime drakes
  2 kobold demonologists (D:13)
  2 yaktaurs (D:14)
  12 komodo dragons
  2 efreet (D:14)
  2 ice devils (Lair:5)
  A tengu conjurer (D:14)
  A red devil (Lair:5)
  3 polar bears
  6 trolls
  2 hornets
  Prince Ribbit (D:8)
  3 slime creatures (D:15)
  A centaur simulacrum (D:14)
  2 water elementals (D:11)
  48 yaks
  6 wraiths
  6 wyverns
  7 basilisks
  3 fire elementals (D:14)
  4 death yak simulacra
  3 steam dragons
  A harpy simulacrum (IceCv)
  4 vampire mosquitoes (D:11)
  Edmund (D:4)
  3 nagas (Snake:1)
  3 acid dragons
  7 hell hounds
  13 water moccasins
  A sky beast (D:8)
  6 orc warriors
  8 black bears
  7 centaurs
  A phantom (D:5)
  5 boggarts (D:15)
  2 ogres
  A lemure (D:8)
  2 kobold brigands
  Blork the orc (D:4)
  11 bullfrogs
  A gnoll sergeant (D:7)
  4 scorpions
  4 necrophages
  2 cane toad simulacra (IceCv)
  10 wights
  2 elephant simulacra
  23 killer bees
  5 howler monkeys
  5 electric eels (D:11)
  3 gnoll boudas
  An iron imp (D:8)
  A jelly (D:5)
  Crazy Yiuf (D:7)
  5 orc priests
  6 hounds
  Natasha (twice) (D:2)
  4 iguanas
  9 orc wizards
  A polar bear simulacrum (IceCv)
  24 gnolls
  6 adders
  2 river rats (D:6)
  A shadow imp (D:7)
  4 white imps
  3 ufetubi
  5 worms
  4 dart slugs
  42 orcs
  6 endoplasms
  2 giant cockroaches
  14 goblins
  6 hobgoblins
  6 quokkas
  6 ball pythons
  3 bats
  A frilled lizard (D:3)
  3 goblin zombies (D:8)
  A hobgoblin zombie (D:8)
  11 kobolds
  4 kobold skeletons (D:8)
  A kobold zombie (D:8)
  An orc skeleton (D:8)
  2 orc zombies (D:8)
  8 rats
  A bush (Lair:5)
588 creatures vanquished.

Vanquished Creatures (others)
  2 orc wizards
  13 fungi
  38 plants
53 creatures vanquished.

Grand Total: 641 creatures vanquished

Notes
Turn   | Place    | Note
-------+----------+-------------------------------------------
     0 | D:1      | MisterFreud the Gargoyle Fighter began the quest for the
                  | Orb.
     0 | D:1      | Reached XP level 1. HP: 14/14 MP: 1/1
   116 | D:1      | Reached XP level 2. HP: 19/19 MP: 2/2
   334 | D:1      | Found Suydez's Distillery.
   340 | D:1      | Bought a potion of lignification for 30 gold pieces
   569 | D:1      | Found a faded altar of an unknown god.
   755 | D:2      | Reached XP level 3. HP: 23/23 MP: 3/3
   984 | D:2      | Found Enaiseps's Distillery.
  1009 | D:2      | Bought a potion of curing for 42 gold pieces
  1228 | D:2      | Reached XP level 4. HP: 27/28 MP: 4/4
  1351 | D:2      | Noticed Natasha
  1365 | D:2      | Killed Natasha
  1645 | D:2      | Noticed Natasha
  1659 | D:2      | Killed Natasha
  1660 | D:2      | Reached skill level 5 in Maces & Flails
  1660 | D:2      | Reached XP level 5. HP: 4/32 MP: 5/5
  1695 | D:2      | Noticed Natasha
  2073 | D:3      | Found an ancient bone altar of Kikubaaqudgha.
  2417 | D:3      | Found a stormy altar of Qazlal.
  2444 | D:3      | Found an iron altar of Okawaru.
  2444 | D:3      | Found a sacrificial altar of Ru.
  2723 | D:4      | Noticed a black bear
  2927 | D:4      | Noticed Blork the orc
  2944 | D:4      | Killed Blork the orc
  2945 | D:4      | Reached XP level 6. HP: 15/37 MP: 6/6
  3276 | D:4      | Noticed a black bear
  3288 | D:4      | Killed a black bear
  3341 | D:4      | Identified the +6 chain mail of Summertime {rCorr}
  3670 | D:4      | Noticed Edmund
  3686 | D:4      | Killed Edmund
  3687 | D:4      | Reached XP level 7. HP: 27/41 MP: 7/7
  4218 | D:5      | Entered Level 5 of the Dungeon
  4265 | D:5      | Reached skill level 5 in Armour
  4607 | D:6      | Reached XP level 8. HP: 45/46 MP: 8/8
  5020 | D:3      | Became a worshipper of Warmaster Okawaru
  5107 | D:5      | Found a broken altar of Ashenzari.
  5638 | D:5      | Reached skill level 1 in Invocations
  5812 | D:5      | Reached * piety under Okawaru
  5813 | D:5      | Reached skill level 4 in Fighting
  5859 | D:5      | Reached XP level 9. HP: 52/52 MP: 10/10
  6215 | D:5      | Noticed a troll
  6224 | D:5      | Killed a troll
  6225 | D:5      | Reached skill level 5 in Fighting
  6676 | D:5      | Found an ornate altar of the Wu Jian Council.
  6981 | D:6      | Found a shadowy altar of Dithmenos.
  6992 | D:6      | Found a hide-covered altar of Uskayaw.
  7122 | D:6      | Reached ** piety under Okawaru
  7214 | D:6      | Found Yrothawk's Weapon Shop.
  7223 | D:6      | Reached skill level 6 in Fighting
  7331 | D:6      | Bought a throwing net for 36 gold pieces
  8276 | D:7      | Found a staircase to the Ecumenical Temple.
  8660 | D:7      | Found Culyurgh's Self-Improvement Boutique.
  8702 | D:7      | Reached skill level 7 in Fighting
  8980 | D:7      | Found a runed translucent door.
  8981 | D:7      | Noticed Crazy Yiuf
  9194 | D:7      | Reached XP level 10. HP: 55/63 MP: 13/13
  9483 | D:7      | Killed Crazy Yiuf
  9580 | D:8      | Reached *** piety under Okawaru
  9581 | D:8      | Reached skill level 8 in Fighting
  9941 | D:8      | Noticed Prince Ribbit
  9948 | D:8      | Killed Prince Ribbit
  9949 | D:8      | Reached skill level 10 in Armour
 10060 | D:8      | Noticed Maggie
 10090 | D:8      | Killed Maggie
 10091 | D:8      | Reached skill level 5 in Invocations
 10111 | D:8      | Identified a scroll of acquirement
 10111 | D:8      | Acquired a manual of Maces & Flails
 10362 | D:8      | Found a glowing golden altar of the Shining One.
 10403 | D:8      | Found a staircase to the Lair.
 10403 | D:8      | Noticed an elephant
 10430 | D:8      | Killed an elephant
 10430 | D:8      | Reached **** piety under Okawaru
 10725 | D:8      | Noticed Pikel
 10733 | D:8      | Killed Pikel
 10734 | D:8      | Reached skill level 10 in Maces & Flails
 11229 | D:9      | Found Juhiebop's Antique Weapon Shoppe.
 11343 | D:9      | Reached XP level 11. HP: 47/68 MP: 16/16
 11416 | D:9      | Noticed Amaemon
 11421 | D:9      | Noticed Maurice
 11433 | D:9      | Killed Amaemon
 11433 | D:9      | Received a gift from Okawaru
 11440 | D:9      | Killed Maurice
 11552 | D:9      | Found a staircase to the Orcish Mines.
 11614 | D:9      | Reached ***** piety under Okawaru
 11889 | D:9      | Found a shimmering altar of Xom.
 11943 | D:9      | Found a sparkling altar of Nemelex Xobeh.
 12397 | D:10     | Entered Level 10 of the Dungeon
 12407 | D:10     | Identified the +4 hand crossbow of Pragmatism {elec,
                  | Stlth+} (Okawaru gifted it to you on level 10 of the
                  | Dungeon)
 12407 | D:10     | Received a gift from Okawaru
 12800 | D:10     | Found a snail-covered altar of Cheibriados.
 12876 | D:10     | Noticed a two-headed ogre
 12900 | D:10     | Killed a two-headed ogre
 13169 | D:10     | Found Qatzegut's Antique Weapon Emporium.
 13363 | D:11     | Noticed a cyclops
 13380 | D:11     | Killed a cyclops
 14401 | D:11     | Noticed a centaur warrior
 14414 | D:11     | Killed a centaur warrior
 14414 | D:11     | Received a gift from Okawaru
 14415 | D:11     | Reached skill level 15 in Maces & Flails
 14415 | D:11     | Reached skill level 10 in Invocations
 14438 | D:11     | Reached XP level 12. HP: 46/73 MP: 19/19
 15097 | D:12     | Identified the +0 helmet of the Blessed Realm {Dex+3}
 15305 | D:12     | Noticed a five-headed hydra
 15314 | D:12     | Killed a five-headed hydra
 15544 | D:12     | Noticed a tengu warrior
 15598 | D:12     | Noticed a five-headed hydra
 15598 | D:12     | Noticed a tengu warrior
 15722 | D:12     | Killed a five-headed hydra
 15792 | D:12     | Killed a tengu warrior
 15804 | D:12     | Killed a tengu warrior
 16173 | D:12     | Noticed a two-headed ogre
 16196 | D:12     | Killed a two-headed ogre
 16196 | D:12     | Received a gift from Okawaru
 16329 | D:12     | Reached skill level 9 in Fighting
 16825 | Lair:1   | Entered Level 1 of the Lair of Beasts
 16914 | Lair:1   | Identified the +0 pair of gloves of Reason {rElec rF- Will+
                  | Int+2 Dex+4} (Okawaru gifted it to you on level 1 of the
                  | Lair of Beasts)
 16914 | Lair:1   | Received a gift from Okawaru
 16951 | Lair:1   | Reached skill level 10 in Fighting
 17158 | Lair:1   | Reached XP level 13. HP: 83/83 MP: 22/22
 17386 | Lair:1   | Reached skill level 11 in Fighting
 17860 | Lair:2   | Found a sacrificial altar of Ru.
 18252 | Lair:2   | Reached skill level 12 in Fighting
 18953 | Lair:3   | Identified the +5 eveningstar "Pynaesab" {vamp, rF+ Int+3}
 18961 | Lair:3   | Identified the +2 robe of Okawaru's Esteem {Str+7 Dex-4}
                  | (Okawaru gifted it to you on level 3 of the Lair of Beasts)
 18961 | Lair:3   | Received a gift from Okawaru
 19025 | Lair:3   | Noticed Josephine
 19033 | Lair:3   | Killed Josephine
 19033 | Lair:3   | Reached ****** piety under Okawaru
 19367 | Lair:3   | Found a frozen archway.
 19377 | IceCv    | Entered an ice cave
 19426 | IceCv    | Reached skill level 13 in Fighting
 19917 | Lair:3   | Found a staircase to the Snake Pit.
 20048 | Lair:3   | Found a staircase to the Shoals.
 20747 | Lair:4   | Found a staircase to the Slime Pits.
 20913 | Lair:4   | Noticed Nessos
 20934 | Lair:4   | Killed Nessos
 20935 | Lair:4   | Reached skill level 14 in Fighting
 20935 | Lair:4   | Gained mutation: Your large and strong wings let you fly.
                  | [Gargoyle growth]
 20935 | Lair:4   | Reached XP level 14. HP: 89/96 MP: 23/23
 21257 | D:7      | Bought a manual of Fighting for 1040 gold pieces
 21637 | Lair:5   | Entered Level 5 of the Lair of Beasts
 21659 | Lair:5   | Reached skill level 1 in Evocations
 21770 | Lair:5   | Noticed Rupert
 21770 | Lair:5   | Paralysed by Rupert for 2 turns
 21795 | Lair:5   | Killed Rupert
 21795 | Lair:5   | Identified the +1 ring mail of Crawling {rPois rF- rC+
                  | Dex+7} (Okawaru gifted it to you on level 5 of the Lair of
                  | Beasts)
 21795 | Lair:5   | Received a gift from Okawaru
 21796 | Lair:5   | Reached skill level 15 in Fighting
 21990 | Lair:5   | Reached skill level 16 in Fighting
 22263 | Lair:5   | Found a burning altar of Makhleb.
 22275 | Lair:5   | Reached skill level 17 in Fighting
 22564 | Lair:5   | Found a gateway to Hell.
 22858 | Lair:5   | Reached skill level 18 in Fighting
 23083 | Lair:5   | Reached skill level 5 in Evocations
 23468 | D:13     | Received a gift from Okawaru
 23609 | D:13     | Reached XP level 15. HP: 110/110 MP: 24/24
 24029 | D:14     | Reached skill level 19 in Fighting
 24035 | D:14     | Found a gate to the Vaults.
 24343 | D:14     | Noticed Azrael
 24364 | D:14     | Killed Azrael
 24364 | D:14     | Received a gift from Okawaru
 24895 | D:15     | Entered Level 15 of the Dungeon
 25596 | D:15     | Reached skill level 20 in Fighting
 25699 | D:15     | Identified the +2 pair of boots "Gaoheqai" {Harm rElec
                  | Will+} (Okawaru gifted it to you on level 15 of the
                  | Dungeon)
 25699 | D:15     | Received a gift from Okawaru
 25852 | D:15     | Found a blossoming altar of Fedhas.
 26005 | D:15     | Found a staircase to the Depths.
 26433 | Snake:1  | Entered Level 1 of the Snake Pit
 26769 | Snake:1  | Mangled by a naga warrior

Illustrated notes

Levels and vault maps discovered:
D:1:      spicycebolla_arrival_clurvy, layout_rooms, serial_shops,
          nicolae_shop_stone, shapermc_ecumenical_altar_acropolis
D:2:      layout_basic, serial_shops, nicolae_shop_crystal,
          dreamdust_mushroom_princess, kennysheep_generic_room_15, uniq_natasha
D:3:      layout_loops_ring, mainiacjoe_overflow_tiny_flanked,
          mainiacjoe_overflow_brackets, mainiacjoe_overflow_divided_tiny
D:4:      layout_loops_corners, minmay_misc_feat_chi, st_stairs_12, uniq_edmund,
          uniq_blork_the_orc
D:5:      kennysheep_windowed_halls, layout_loops_cross, lemuel_crystal_altar,
          nicolae_ashenzari_skybound, patterned_corridor
D:6:      layout_basic, mainiacjoe_overflow_big_doors, portal_sewer_entry_e,
          serial_shops, shop_fountains
D:7:      layout_basic, minmay_temple_entry_butterflies, nicolae_shop_self_help,
          uniq_crazy_yiuf_cottage
D:8:      layout_loops_cross, nicolae_tso_besieged_by_evil, david_lair_generic,
          uniq_pikel, uniq_prince_ribbit1, uniq_maggie
D:9:      layout_long_grid, nemelex_xobeh_ov_fountains_minmay,
          lemuel_crystal_altar, hiddenorc1_lemuel, serial_shops,
          nicolae_stop_n_shop_2, uniq_amaemon, uniq_maurice
D:10:     layout_roguey, cheibrodos_worm_habitat, serial_shops,
          kennysheep_mini_moat
D:11:     kennysheep_big_flooded_room, layout_irregular_city
D:12:     layout_rooms, minmay_between
D:13:     layout_basic, hex_intersection
D:14:     layout_rooms, david_vaults_2, uniq_azrael
D:15:     gammafunk_enter_depths_forms, layout_irregular_city, fedhas_altar_2
Lair:1:   layout_roguey, hangedman_lair_unloving_vines
Lair:2:   layout_gridlike, basic_altar, grunt_megastairs_1
Lair:3:   layout_layer_cave, shoals_dummy_entry, guppyfry_snake_entry_island,
          portal_ice_cave_entry_ice_simulacra, uniq_josephine
Lair:4:   layout_cave_shapes, minmay_slime_entry_oklob_open, uniq_nessos
Lair:5:   evil_forest, layout_cellular_growth, minmay_lair_oklob_items,
          uniq_rupert
Snake:1:  layout_layer_cave, nicolae_shop_firing_range

Skill      XL: |  1  2  3  4  5  6  7  8  9 10 11 12 13 14 15 |
---------------+----------------------------------------------+-----
Maces & Flails | 3 4 5 6 7 8 9 11 15 16 17 18 | 18.0
Armour         | 5 6 9 10 | 10.0
Invocations    | 2 4 7 10 12 | 12.0
Fighting       | 4 7 8 10 14 18 20 | 20.0
Shields        | 4 |  4.0
Evocations     | 5 9 |  9.8

Action                   |  1- 3 |  4- 6 |  7- 9 | 10-12 | 13-15 || total
-------------------------+-------+-------+-------+-------+-------++-------
Melee: Flail             |   111 |   145 |   539 |  1199 |   398 ||  2392
       Eveningstar       |       |       |       |       |   771 ||   771
Invok: Heroism           |       |       |     1 |     8 |     4 ||    13
       Finesse           |       |       |       |     1 |     1 ||     2
Evoke: Wand              |       |     3 |       |       |     7 ||    10
  Use: Scroll            |       |     5 |    10 |    10 |     2 ||    27
       Potion            |       |     2 |     3 |     1 |     1 ||     7
 Stab: Distracted        |       |       |       |       |     1 ||     1
Armor: Scale mail        |    55 |    62 |       |       |       ||   117
       Chain mail        |       |     3 |   472 |   752 |   620 ||  1847
Dodge: Dodged            |    44 |    72 |   294 |   510 |   465 ||  1385
Block: Buckler           |    25 |    23 |   140 |   273 |   231 ||   692
       Kite shield       |       |       |       |       |   101 ||   101
